Map: Neon Violet Square LE

Players

Matiz

  • Race: Zerg Zerg
  • League: Master
  • Spawn Location: 11:00

CripSeil - Winner!

  • Race: Protoss Protoss
  • League: Grandmaster
  • Spawn Location: 5:00

VOD

Have the link to the VOD?

Description

Time

  • Played on: Jan. 11, 2018, 4:29 p.m.
  • Length: 6:13
Show
View Real Time Build Order
Export as new Build Order

Matiz Zerg 

Build Orders: Hatch First 

Get SALT Encoding   

  12  0:02  Drone  
  13  0:15  Drone  
  13  0:16  Extractor  
  13  0:17  Drone  
  15  0:24  Overlord  
  15  0:46  Drone  
  15  0:49  Drone  
  17  0:54  Hatchery  
  16  0:59  Drone  
  16  1:01  Drone  
  18  1:16  Spawning Pool  
  17  1:19  Extractor  
  17  1:22  Drone  
  17  1:34  Drone  
  17  1:35  Drone  
  19  1:48  Overlord  
  19  2:01  Hatchery  
  18  2:05  Queen  
  18  2:06  Zergling x4  
  23  2:12  Roach Warren  
  22  2:16  Drone  
  22  2:22  Metabolic Boost  
  23  2:38  Overlord  
  23  2:52  Roach  
  23  2:53  Roach  
  23  2:58  Roach  
  29  3:07  Roach  
  31  3:13  Drone, Queen  
  31  3:17  Extractor, Overlord  
  31  3:19  Roach  
  35  3:28  Roach  
  35  3:30  Drone  
  35  3:32  Drone  
  39  3:43  Drone  
  40  3:51  Roach x2  
  40  3:52  Roach x2  
  40  3:54  Drone  
  46  4:03  Roach x2  
  50  4:13  Overlord  
  46  4:18  Roach  
  48  4:27  Ravager  
  48  4:28  Drone  
  48  4:29  Drone  
  51  4:34  Drone x3  
  54  4:39  Roach  
  54  4:40  Roach  
  56  4:49  Queen  
  56  4:51  Roach  
  60  5:03  Overlord x2  
  56  5:18  Roach x2  
  56  5:19  Roach  
  56  5:29  Roach  
  56  5:30  Roach  
  56  5:34  Queen  
  60  5:36  Roach x3, Drone x2  
  66  5:46  Roach  
Show
View Real Time Build Order
Export as new Build Order

CripSeil Protoss - Winner!

Build Orders:  

Get SALT Encoding   

  12  0:00  Probe  
  13  0:13  Probe  
  14  0:18  Pylon  
  14  0:25  Probe (Chrono Boost)  
  15  0:37  Probe (Chrono Boost)  
  15  0:39  Forge  
  16  0:44  Probe (Chrono Boost)  
  17  0:51  Probe  
  18  0:58  Pylon  
  18  1:17  Photon Cannon, Assimilator  
  18  1:20  Gateway  
  18  1:26  Assimilator  
  18  1:31  Probe (Chrono Boost)  
  19  1:37  Assimilator  
  20  1:40  Probe (Chrono Boost)  
  20  1:48  Photon Cannon  
  20  1:51  Probe (Chrono Boost)  
  21  2:03  Probe (Chrono Boost)  
  22  2:08  Cybernetics Core  
  22  2:12  Probe (Chrono Boost)  
  23  2:17  Probe  
  23  2:21  Photon Cannon  
  24  2:33  Pylon  
  23  2:45  Robotics Facility  
  23  2:47  Stalker  
  25  2:57  Shield Battery  
  25  2:59  Warp Gate  
  25  3:10  Robotics Facility  
  25  3:19  Shield Battery  
  25  3:29  Immortal (Chrono Boost)  
  29  3:37  Shield Battery  
  29  3:51  Photon Cannon  
  29  3:54  Pylon  
  29  4:09  Warp Prism (Chrono Boost)  
  35  4:27  Immortal (Chrono Boost)  
  35  4:37  Immortal  
  39  4:51  Shield Battery  
  39  4:53  Pylon  
  39  5:14  Shield Battery  
  39  5:19  Immortal (Chrono Boost)  
  41  5:34  Immortal (Chrono Boost)  
  45  5:41  Shield Battery  
  45  6:01  Pylon  
  45  6:03  Photon Cannon  
Tags
 
Add a new tag
Caveats
  • Supply blocks, unpowered buildings, or Contaminate may cause inaccurate times.
  • Supply counts are checked every 10 seconds.